 Seeded DCSS version 0.27.1-4-g1640c2035a (webtiles) character file.

Game seed: 20211118 (custom seed)

35 a11behringer the Gusty (level 3, -8/19 HPs)
             Began as a Tengu Air Elementalist on Nov 18, 2021.
             Mangled by Terence (10 damage)
             ... on level 2 of the Dungeon.
             The game lasted 00:09:08 (1193 turns).

a11behringer the Gusty (Tengu Air Elementalist)     Turns: 1193, Time: 00:09:08

Health: -8/19      AC:  2    Str:  8    XL:     3   Next: 33%
Magic:  0/7        EV: 12    Int: 16    God:
Gold:   42         SH:  0    Dex: 14    Spells: 5/6 levels left

rFire    . . .     SeeInvis .   (no weapon)
rCold    . . .     Faith    .   (no shield)
rNeg     . . .     Spirit   .   a - +0 robe
rPois    .         Reflect  .   (helmet restricted)
rElec    .         Harm     .   c - scarf {+Inv}
rCorr    .         Rampage  .   (no gloves)
Will     .....                  (boots unavailable)
Stlth    ++........             b - amulet of magic regeneration
HPRegen  0.06/turn              (no ring)
MPRegen  0.35/turn              (no ring)

@: very slightly contaminated
A: beak, talons 3
a: Evoke Invisibility


You were on level 2 of the Dungeon.
You visited 1 branch of the dungeon, and saw 2 of its levels.

You collected 42 gold pieces.

Inventory:

Armour
 a - a +0 robe (worn)
 c - a scarf of invisibility (worn)
Jewellery
 b - an amulet of magic regeneration (around neck)
Scrolls
 d - 3 scrolls of teleportation {unknown}
 g - a scroll of identify {unknown}
Potions
 e - a potion of curing {unknown}
 f - a potion of ambrosia {unknown}


   Skills:
 + Level 2.3 Dodging
 + Level 2.1 Stealth
 + Level 2.4 Spellcasting
 + Level 1.6 Conjurations
 + Level 5.0 Air Magic


You had 5 spell levels left.
You knew the following spells:

 Your Spells              Type           Power      Damage    Failure   Level
a - Shock                 Conj/Air       48%        1d6       4%          1

Your spell library contained the following spells:

 Spells                   Type           Power      Damage    Failure   Level
 Static Discharge         Conj/Air       12%        N/A       8%          2
 Swiftness                Air            18%        N/A       8%          3
 Airstrike                Air            9%         N/A       26%         4


Dungeon Overview and Level Annotations

Branches:
Dungeon (2/15)

Altars:

Annotations:
D:2 Terence


Innate Abilities, Weirdness & Mutations

You have a beak for a mouth.
You have claws for feet.


Message History

The giant cockroach is almost dead.
Terence closely misses you.
Casting: Shock (safe; 4% risk of failure)
Confirm with . or Enter, or press ? or * to list all spells.
Aiming: Shock (safe; 4% risk of failure)
Press: ? - help, Shift-Dir - straight line, f/p - Terence
Aim: Terence, wielding a +0 falchion and wearing a +0 ring mail (almost dead, 72% to hit)
You miscast Shock.
You are very lightly contaminated with residual magic.
Nothing appears to happen.
The giant cockroach misses you. Terence hits you with a +0 falchion!
* * * LOW HITPOINT WARNING * * *
The giant cockroach misses you.
Casting: Shock (safe; 4% risk of failure)
Confirm with . or Enter, or press ? or * to list all spells.
Aiming: Shock (safe; 4% risk of failure)
Press: ? - help, Shift-Dir - straight line, f/p - Terence
Aim: Terence, wielding a +0 falchion and wearing a +0 ring mail (almost dead, 72% to hit)
The zap misses Terence.
Terence hits you with a +0 falchion.
* * * LOW HITPOINT WARNING * * *
The giant cockroach closely misses you.
Casting: Shock (safe; 4% risk of failure)
Confirm with . or Enter, or press ? or * to list all spells.
Aiming: Shock (safe; 4% risk of failure)
Press: ? - help, Shift-Dir - straight line, f/p - Terence
Aim: Terence, wielding a +0 falchion and wearing a +0 ring mail (almost dead, 72% to hit)
The zap hits Terence but does no damage.
Terence is almost dead.
Terence barely misses you. The giant cockroach barely misses you.
Casting: Shock (safe; 4% risk of failure)
Confirm with . or Enter, or press ? or * to list all spells.
Aiming: Shock (safe; 4% risk of failure)
Press: ? - help, Shift-Dir - straight line, f/p - Terence
Aim: Terence, wielding a +0 falchion and wearing a +0 ring mail (almost dead, 72% to hit)
The zap hits Terence but does no damage.
Terence is almost dead.
The giant cockroach bites you but does no damage.
Terence hits you with a +0 falchion!
Ouch! That really hurt!
You die...

. #................# #.#.#.#<#.
(.#................# #.#.#.###.
..................# #.#.#.....
#g#.#..............####.#.######
...................>....#.......
#.............#############
......#.#.......####### .....
#.#.....B.......# ....
#.......@@......# ...
##..............# ..
#......#+####### . ##.....#.#
#.....#.########
###..............#
...(..............#
...................#
...................#


You could see Terence and a giant cockroach.

Vanquished Creatures
  2 ball pythons
  4 endoplasms (D:1)
  A giant cockroach (D:1)
  2 goblins
  2 hobgoblins (D:2)
  5 jackals (D:1)
  4 kobolds (D:1)
  4 bats (D:1)
  4 frilled lizards
  2 rats
30 creatures vanquished.

Notes
Turn   | Place    | Note
-------+----------+-------------------------------------------
     0 | D:1      | a11behringer the Tengu Air Elementalist began the quest for
                  | the Orb.
     0 | D:1      | Reached XP level 1. HP: 10/10 MP: 4/4
    78 | D:1      | Reached XP level 2. HP: 15/15 MP: 3/6
   565 | D:1      | Reached XP level 3. HP: 19/19 MP: 4/7
   571 | D:1      | Found a faded altar of an unknown god.
  1026 | D:2      | Reached skill level 5 in Air Magic
  1168 | D:2      | Noticed Terence
  1193 | D:2      | Mangled by Terence

Illustrated notes

Levels and vault maps discovered:
D:1:      dpeg_arrival_lava_temple_mockup, layout_basic,
          hellmonk_ecumenical_altar_blasted
D:2:      layout_basic, serial_shops, shop_statue, minmay_misc_feat_enclosed,
          minmay_shallow_snake_nest, uniq_terence

Skill      XL: |  1  2  3 |
---------------+----------+-----
Air Magic      | 5 |  5.0
Dodging        | |  2.3
Stealth        | |  2.1
Spellcasting   | |  2.4
Conjurations   | |  1.6

Action                   || total
-------------------------++-------
 Cast: Shock             ||    73
Armor: Robe              ||     4
Dodge: Dodged            ||    18
